 Dungeon Crawl Stone Soup version 0.17.1-2-g5865329 (webtiles) character file.

66 FortyThree the Sneak (level 3, 0/43 HPs)
             Began as a Demonspawn Wanderer on Feb 9, 2016.
             Slain by Crazy Yiuf the porcupine (3 damage)
             ... on level 3 of the Dungeon.
             The game lasted 00:07:33 (2234 turns).

FortyThree the Sneak (Demonspawn Wanderer)          Turns: 2234, Time: 00:07:33

Health: 0/43       AC: 21    Str: 11    XL:     3   Next: 96%
Magic:  3/3        EV:  2    Int: 15    God:
Gold:   60         SH:  0    Dex: 12    Spells: 0 memorised, 2 levels left

rFire  . . .     SeeInvis .     a - +2 dagger
rCold  . . .     Clarity  .     (armour currently unavailable)
rNeg   + + +     SustAt   .     (no shield)
rPois  +         Gourm    .     (helmet currently unavailable)
rElec  .         Spirit   .     (cloak currently unavailable)
rCorr  .         Warding  .     (gloves currently unavailable)
rMut   .         NoTele   +     (boots currently unavailable)
MR     .....                    (no amulet)
Stlth  ++++......               (no ring)
                                (no ring)

@: lethally poisoned (0 -> -3), tree-form, not resistant to hostile
enchantments, stealthy
A: (iridescent scales 0), (deformed body), low mp 1, nightstalker 1, slow
regeneration 1
a: no special abilities


You were on level 3 of the Dungeon.
You were not hungry.
You were a tree.
You visited 1 branch of the dungeon, and saw 3 of its levels.

You collected 60 gold pieces.

Inventory:

Hand Weapons
 a - a +2 dagger (weapon)
 l - a +0 short sword
Armour
 e - a +0 robe (melded)
 n - a +2 cloak (melded)
Wands
 d - a wand of random effects (12)
Scrolls
 g - a scroll of amnesia
 i - 3 scrolls of identify
Potions
 b - a potion of haste
 c - 2 potions of agility
Comestibles
 f - 3 bread rations


   Skills:
 - Level 3.0 Fighting
 + Level 1.8(2.0) Short Blades
   Level 1.0(1.5) Long Blades
 - Level 1.0 Dodging
 * Level 3.4 Stealth
   Level 1.0 Shields
 - Level 1.0 Unarmed Combat
 - Level 1.0 Evocations


You had 2 spell levels left.
You didn't know any spells.

Dungeon Overview and Level Annotations

Branches:
Dungeon (3/15)

Altars:
Nemelex Xobeh
Xom

Annotations:
D:3 Crazy Yiuf


Innate Abilities, Weirdness & Mutations

((You are partially covered in iridescent scales (AC +4).))
You are slightly more attuned to the shadows.
((Armour fits poorly on your strangely shaped body.))
Your magical capacity is low (-10% MP).
You regenerate slowly when monsters are visible.


Message History

Crazy Yiuf twitches its whiskers. x2
Crazy Yiuf closely misses you.
You feel sick.
Found a stone staircase leading up.
You feel sick. Crazy Yiuf bites you!
* * * LOW HITPOINT WARNING * * *
Drink which item? (? for menu, Esc to quit)
It was a potion of mutation.
You feel extremely strange.
Your body twists and deforms.
Your natural regeneration is weakened.
You feel less energetic.
* * * LOW HITPOINT WARNING * * *
You feel sick.
The giant cockroach bites you but does no damage.
The giant cockroach bites you.
* * * LOW HITPOINT WARNING * * *
Drink which item? (? for menu, Esc to quit)
It was a potion of lignification.
You turn into a tree.
Your +2 cloak melds into your body.
Your +0 robe melds into your body.
Your roots penetrate the ground.
Crazy Yiuf bites you.
You die...

,,,,,,,,*
,,,,,,,,********************
,,,,,,,,+,,,,,,......,**,,,*
,,,,,,,,*******.....#,**,,,*
,*+****,**### *.....#,**,,,* **,*
*,,,..# *#...<#,**,,,*
,,,*###,**#.# #....#.#*,,,*
,,,,....* #.# #.......,,,,*
,,**....###.####♣.###,,,,********
,,,+...........sr...+,,,,+,,,>,,,
****.....!..K......##,,,,*,******
***####....#####.#+#******,* *
,,,........# #...,,,,,**,* *
,,,....$..(# #....,,,,**,******
*,,,.......#***#.....,,,**,*,,,,,
.,,*###....+,,,*#....,,,**,*,****
..,* #....###+**,,,,,,,**,*,*


You could see Crazy Yiuf the porcupine, a giant cockroach and a kobold.

Vanquished Creatures
  2 adders
  A worm (D:2)
  7 bats
  4 goblins
  5 hobgoblins
  A giant cockroach (D:1)
  A giant gecko (D:1)
  6 giant newts
  12 kobolds
  9 rats
48 creatures vanquished.

Notes
Turn   | Place    | Note
--------------------------------------------------------------
     0 | D:1      | FortyThree the Demonspawn Wanderer began the quest for the Orb.
     0 | D:1      | FortyThree set off with: a +2 dagger, a potion of haste, a potion of curing, a wand of random effects (15), a +0 robe, a bread ration
     0 | D:1      | Reached XP level 1. HP: 18/18 MP: 1/1
   409 | D:1      | Gained mutation: You are slightly more attuned to the shadows. [demonic ancestry]
   409 | D:1      | Reached XP level 2. HP: 22/24 MP: 2/2
   453 | D:1      | Reached skill level 1 in Short Blades
  1081 | D:1      | HP: 1/24 [adder (5)]
  1085 | D:1      | Gained mutation: You are partially covered in iridescent scales (AC +4). [demonic ancestry]
  1085 | D:1      | Reached XP level 3. HP: 12/29 MP: 3/3
  1759 | D:2      | Found a sparkling altar of Nemelex Xobeh.
  2163 | D:3      | Found a shimmering altar of Xom.
  2193 | D:3      | Noticed Crazy Yiuf
  2203 | D:3      | Noticed Crazy Yiuf
  2203 | D:3      | Crazy Yiuf changed into Crazy Yiuf the porcupine
  2233 | D:3      | Gained mutation: Armour fits poorly on your strangely shaped body. [potion of mutation]
  2233 | D:3      | Gained mutation: You regenerate slowly when monsters are visible. [potion of mutation]
  2233 | D:3      | Gained mutation: Your magical capacity is low (-10% MP). [potion of mutation]
  2234 | D:3      | Slain by Crazy Yiuf the porcupine

Action                   || total
-------------------------++-------
Melee: Dagger            ||   134
Evoke: Wand              ||     3
  Use: Potion            ||     4
       Scroll            ||     7
 Stab: Sleeping          ||    10
  Eat: Chunk             ||     4
